 Dungeon Crawl Stone Soup version 0.29.1-14-g9c671dbff4 (webtiles) character file.

Game seed: 6369439381496434870

110 leafyfresh the Covert (level 4, -10/41 HPs)
             Began as a Gnoll Delver on Feb 13, 2023.
             Was an Initiate of Elyvilon.
             Killed from afar by an orc wizard (11 damage)
             ... with a puff of flame
             ... on level 4 of the Dungeon.
             The game lasted 00:02:37 (864 turns).

leafyfresh the Covert (Gnoll Delver)                 Turns: 864, Time: 00:02:38

Health: -10/41     AC:  3    Str: 12    XL:     4   Next: 91%
Magic:  6/6        EV: 13    Int:  9    God:    Elyvilon [......]
Gold:   18         SH:  0    Dex: 15    Spells: 5/5 levels left

rFire   . . .      SeeInvis .   a - +0 spear
rCold   . . .      Faith    .   (no shield)
rNeg    . . .      Spirit   .   b - +0 leather armour
rPois   .          Reflect  .   (no helmet)
rElec   .          Harm     .   (no cloak)
rCorr   .          Rampage  .   (no gloves)
Will    .....                   (no boots)
Stlth   ++........              (no amulet)
HPRegen 0.13/turn               (no ring)
MPRegen 0.10/turn               (no ring)

@: confused
A: fangs 1, strong nose, distributed training
a: Renounce Religion


You were on level 4 of the Dungeon.
You worshipped Elyvilon.
Elyvilon was noncommittal.
You visited 1 branch of the dungeon, and saw 2 of its levels.
You also visited: Sewer.

You collected 18 gold pieces.

Inventory:

Hand Weapons
 a - a +0 spear (weapon)
 d - a +0 sling
Armour
 b - a +0 leather armour (worn)
Wands
 g - a wand of digging (3)
Scrolls
 c - a scroll of fog
 e - a scroll of fear
 h - a scroll of teleportation {unknown}
 i - a scroll of blinking {unknown}
Potions
 f - 2 potions of haste
 j - a potion of curing
 k - 2 potions of flight
 l - a potion of heal wounds


   Skills:
 + Level 6.6 Fighting
 + Level 1.3 Short Blades
 + Level 1.3 Long Blades
 + Level 1.3 Axes
 + Level 1.3 Maces & Flails
 + Level 4.7 Polearms
 + Level 1.3 Staves
 + Level 1.3 Ranged Weapons
 + Level 1.3 Throwing
 + Level 1.3 Armour
 + Level 4.7 Dodging
 + Level 9.6 Stealth
 + Level 1.3 Shields
 + Level 1.3 Unarmed Combat
 + Level 1.3 Spellcasting
 + Level 1.1 Conjurations
 + Level 1.1 Hexes
 + Level 1.1 Summonings
 + Level 1.1 Necromancy
 + Level 1.1 Translocations
 + Level 1.1 Transmutations
 + Level 1.1 Fire Magic
 + Level 1.1 Ice Magic
 + Level 1.1 Air Magic
 + Level 1.1 Earth Magic
 + Level 1.1 Poison Magic
 + Level 1.5 Invocations
 + Level 1.3 Evocations


You had 5 spell levels left.
You didn't know any spells.
Your spell library was empty.

Dungeon Overview and Level Annotations

Branches:
Dungeon (5/15)              Sewer (visited)
 Temple: D:4-7

Altars:


Innate Abilities, Weirdness & Mutations

You have very sharp teeth.
Your uncanny sense of smell can sniff out nearby items.
Your experience applies equally to all skills.


Message History

Something hits you but does no damage.
You miss something. Your bite misses something.
Something hits you but does no damage.
You miss something. You hit something. Something hits you but does no damage.
You hit something. You bite something.
You hear some strange, mumbled words.
You are confused.
You miss something. Something barely misses you.
You bump into the rock wall.
You hear some strange, mumbled words.
A puff of flame appears from out of thin air!
The puff of flame hits you!
* * * LOW HITPOINT WARNING * * *
Something hits you.
* * * LOW HITPOINT WARNING * * *
You bump into the rock wall.
You hear some strange, mumbled words.
You are more confused.
You bump into the rock wall.
You hear some strange, mumbled words.
You are more confused.
You bump into the rock wall.
You hear some strange, mumbled words.
You are more confused.
You hit something. Something hits you.
* * * LOW HITPOINT WARNING * * *
You bump into the rock wall.
Something hits you.
* * * LOW HITPOINT WARNING * * *
Something barely misses you.
You hear some strange, mumbled words.
You are more confused.
You bump into the rock wall.
You hear some strange, mumbled words.
Something tries to affect you, but you resist.
You bump into the rock wall.
You hear some strange, mumbled words.
A puff of flame appears from out of thin air!
The puff of flame hits you!
You die...

#.# #......##*,,**,**, #.#
#)..........**,**, #.#
#......#*#..,,,,,, #.#
#......#....,,,,,∆ #.#
#.)......#)#*,∆*** #.#
#)#,**,**#.#*,,* #.# #{#,,,,*
#.#*,,*** #.# #.#*****
#.#*,,,,, #### #.# #@#
#>#*,**** ...######.## ##.##
#.#*,*
.#.÷.......####...#######.##.#
.#######.#.....)#............#
.# #...####...........#### .#
##### ############# .# .# .#


There were no monsters in sight!

Vanquished Creatures
  A kobold brigand (Sewer)
  An adder (D:4)
  A river rat (Sewer)
  3 orcs (D:4)
  A giant cockroach (D:4)
  2 jackals (Sewer)
  6 kobolds (Sewer)
  A ball python (D:4)
  6 rats
22 creatures vanquished.

Notes
Turn   | Place    | Note
-------+----------+-------------------------------------------
     0 | D:5      | Reached skill level 9 in Stealth
     0 | D:5      | leafyfresh the Gnoll Delver began the quest for the Orb.
     0 | D:5      | Reached XP level 1. HP: 23/23 MP: 1/1
    14 | D:5      | Noticed a black bear
    93 | D:4      | Reached XP level 2. HP: 21/29 MP: 2/2
   119 | D:4      | Found a glowing drain.
   218 | Sewer    | Entered a sewer
   231 | Sewer    | Reached XP level 3. HP: 30/35 MP: 3/3
   306 | Sewer    | Noticed a kobold brigand
   349 | Sewer    | Killed a kobold brigand
   350 | Sewer    | Reached skill level 1 in Short Blades
   350 | Sewer    | Reached skill level 1 in Long Blades
   350 | Sewer    | Reached skill level 1 in Axes
   350 | Sewer    | Reached skill level 1 in Maces & Flails
   350 | Sewer    | Reached skill level 1 in Staves
   350 | Sewer    | Reached skill level 1 in Ranged Weapons
   350 | Sewer    | Reached skill level 1 in Throwing
   350 | Sewer    | Reached skill level 1 in Armour
   350 | Sewer    | Reached skill level 1 in Shields
   350 | Sewer    | Reached skill level 1 in Unarmed Combat
   350 | Sewer    | Reached skill level 1 in Spellcasting
   350 | Sewer    | Reached skill level 1 in Conjurations
   350 | Sewer    | Reached skill level 1 in Hexes
   350 | Sewer    | Reached skill level 1 in Summonings
   350 | Sewer    | Reached skill level 1 in Necromancy
   350 | Sewer    | Reached skill level 1 in Translocations
   350 | Sewer    | Reached skill level 1 in Transmutations
   350 | Sewer    | Reached skill level 1 in Fire Magic
   350 | Sewer    | Reached skill level 1 in Ice Magic
   350 | Sewer    | Reached skill level 1 in Air Magic
   350 | Sewer    | Reached skill level 1 in Earth Magic
   350 | Sewer    | Reached skill level 1 in Poison Magic
   350 | Sewer    | Reached skill level 1 in Invocations
   350 | Sewer    | Reached skill level 1 in Evocations
   350 | Sewer    | Reached XP level 4. HP: 13/41 MP: 3/5
   698 | Sewer    | Found a white marble altar of Elyvilon.
   763 | Sewer    | Became a worshipper of Elyvilon the Healer
   860 | D:4      | HP: 1/41 [something (2)]
   864 | D:4      | Killed from afar by an orc wizard

Illustrated notes

Levels and vault maps discovered:
D:4:      layout_loops_ring, portal_sewer_entry_e
D:5:      layout_rooms, gammafunk_ghost_stat_death,
          nicolae_elevator_lobby_asterisk

Skill      XL: |  1  2  3 |
---------------+----------+-----
Stealth        | |  9.6
Short Blades   | 1 |  1.3
Long Blades    | 1 |  1.3
Axes           | 1 |  1.3
Maces & Flails | 1 |  1.3
Staves         | 1 |  1.3
Ranged Weapons | 1 |  1.3
Throwing       | 1 |  1.3
Armour         | 1 |  1.3
Shields        | 1 |  1.3
Unarmed Combat | 1 |  1.3
Spellcasting   | 1 |  1.3
Conjurations   | 1 |  1.1
Hexes          | 1 |  1.1
Summonings     | 1 |  1.1
Necromancy     | 1 |  1.1
Translocations | 1 |  1.1
Transmutations | 1 |  1.1
Fire Magic     | 1 |  1.1
Ice Magic      | 1 |  1.1
Air Magic      | 1 |  1.1
Earth Magic    | 1 |  1.1
Poison Magic   | 1 |  1.1
Invocations    | 1 |  1.5
Evocations     | 1 |  1.3
Fighting       | |  6.6
Polearms       | |  4.7
Dodging        | |  4.7

Action                   |  1- 3 |  4- 6 || total
-------------------------+-------+-------++-------
Melee: Spear             |    66 |    46 ||   112
       Bite              |     7 |     2 ||     9
 Fire: Sling             |     2 |    22 ||    24
  Use: Scroll            |     1 |       ||     1
 Stab: Sleeping          |     2 |       ||     2
Armor: Leather armour    |     7 |    14 ||    21
Dodge: Dodged            |    32 |    24 ||    56
